 Dungeon Crawl Stone Soup version 0.23-a0-4-g8f018a2 (webtiles) character file.

33 AllHailThrall the Skirmisher (level 3, -6/33 HPs)
             Began as a Hill Orc Fighter on Aug 1, 2018.
             Killed by nerve-wracking pain
             ... invoked by Jessica
              (10 damage)
             ... on level 2 of the Dungeon.
             The game lasted 00:04:00 (1208 turns).

AllHailThrall the Skirmisher (Hill Orc Fighter)     Turns: 1208, Time: 00:04:01

Health: -6/33      AC:  6    Str: 19    XL:     3   Next: 29%
Magic:  3/3        EV:  7    Int: 13    God:
Gold:   49         SH:  9    Dex: 10    Spells: 2/2 levels left

rFire    . . .     SeeInvis .   a - +0 war axe
rCold    . . .     Gourm    .   c - +0 shield
rNeg     . . .     Faith    .   b - +0 scale mail
rPois    .         Spirit   .   (no helmet)
rElec    .         Reflect  .   (no cloak)
rCorr    .         Harm     .   (no gloves)
MR       .....                  (no boots)
Stlth    ..........             (no amulet)
HPRegen  0.11/turn              (no ring)
MPRegen  0.08/turn              (no ring)

@: brilliant, hasted and slowed
A: no striking features
a: no special abilities


You were on level 2 of the Dungeon.
You were not hungry.

You visited 1 branch of the dungeon, and saw 2 of its levels.

You collected 49 gold pieces.

Inventory:

Hand Weapons
 a - a +0 war axe (weapon)
Missiles
 i - 66 stones (quivered)
Armour
 b - a +0 scale mail (worn)
 c - a +0 shield (worn)
Jewellery
 l - an uncursed ring of protection from magic {unknown}
Scrolls
 g - 2 scrolls of teleportation {unknown}
 h - a scroll of identify {unknown}
 j - 2 scrolls of remove curse {unknown}
Potions
 d - a potion of might
Comestibles
 e - 3 rations
 f - a chunk of flesh


   Skills:
 + Level 4.1 Fighting
 + Level 3.3 Axes
 + Level 3.6 Armour
 + Level 3.7 Shields


You had 2 spell levels left.
You didn't know any spells.
Your spell library was empty.

Dungeon Overview and Level Annotations

Branches:
Dungeon (2/15)

Altars:

Annotations:
D:2 Jessica


Message History

You resist with some effort.
Jessica casts a spell.
Jessica blinks!
You block Jessica's attack.
Jessica points at you and mumbles some strange words.
Pain shoots through your body!
* * * LOW HITPOINT WARNING * * *
You hit Jessica but do no damage.
Jessica is almost dead.
You block Jessica's attack. Jessica hits you but does no damage.
You block Jessica's attack.
Jessica mumbles some strange words.
Jessica blinks!
Jessica barely misses you.
It was a potion of brilliance.
You feel clever all of a sudden. You block Jessica's attack.
Jessica hits you but does no damage.
It was a potion of haste.
You feel yourself speed up.
Jessica points at you and mumbles some strange words.
Pain shoots through your body!
You die...

###
.#########.#
...........#
##########.#
#@# #@# #.#
#<# ###


You could see Jessica.

Vanquished Creatures
  2 dart slugs (D:1)
  4 bats (D:1)
  2 giant cockroaches (D:1)
  4 goblins (D:1)
  3 hobgoblins (D:1)
  4 kobolds (D:1)
  4 frilled lizards (D:1)
  5 rats (D:1)
28 creatures vanquished.

Notes
Turn   | Place    | Note
-------+----------+-------------------------------------------
     0 | D:1      | AllHailThrall the Hill Orc Fighter began the quest for the Orb.
     0 | D:1      | Reached XP level 1. HP: 19/19 MP: 1/1
   177 | D:1      | Reached XP level 2. HP: 26/27 MP: 2/2
   620 | D:1      | Reached skill level 4 in Fighting
   638 | D:1      | Reached XP level 3. HP: 33/33 MP: 3/3
  1183 | D:2      | Noticed Jessica
  1208 | D:2      | Killed from afar by Jessica

Vault maps used:
D:1:      lightli_arrival_isolated_outpost
D:2:      grunt_temple_overflow_open, nicolae_overflow_crystal_walls,
          eat_drink_and_be_merry_uskayaw, uniq_robin, uniq_jessica

Skill      XL: |  1  2 |
---------------+-------+-----
Axes           | 3 |  3.3
Fighting       | 4 |  4.1
Armour         | |  3.6
Shields        | |  3.7

Action                   || total
-------------------------++-------
Melee: War axe           ||   103
  Use: Potion            ||     2
  Eat: Chunk             ||     1
Armor: Scale mail        ||    45
Dodge: Dodged            ||    28
Block: Shield            ||    51

Table legend:
 A = Spawn XP
 B = Non-spawn XP
 C = Spawn XP percentage of total XP
 D = Spawn monster count
 E = Non-spawn monster count
 F = Spawn count percentage of total count
 G = Total turns spent on level
                    A         B        C        D         E        F      G
               +---------+---------+-------+---------+---------+-------+---------
         Total |       0 |      48 |   0.0 |       0 |      28 |   0.0 |  1208
               +---------+---------+-------+---------+---------+-------+---------
           D:1 |       0 |      48 |   0.0 |       0 |      28 |   0.0 |  1176
               +---------+---------+-------+---------+---------+-------+---------
